 Dungeon Crawl Stone Soup version 0.22.1-1-ga44c0e5 (webtiles) character file.

213 gbos the Ruffian (level 5, -5/45 HPs)
             Began as a Draconian Transmuter on Oct 3, 2018.
             Was an Initiate of Fedhas.
             Killed by divine providence
             ... invoked by an orc priest
              (14 damage)
             ... on level 3 of the Dungeon.
             The game lasted 00:05:30 (3241 turns).

gbos the Ruffian (Draconian Transmuter)             Turns: 3241, Time: 00:05:31

Health: -5/45      AC:  5    Str: 13    XL:     5   Next: 59%
Magic:  8/8        EV: 12    Int: 14    God:    Fedhas [......]
Gold:   71         SH:  0    Dex: 11    Spells: 5/8 levels left

rFire    . . .     SeeInvis .     - Unarmed
rCold    . . .     Gourm    .   (no shield)
rNeg     + . .     Faith    .   (armour unavailable)
rPois    .         Spirit   .   (helmet restricted)
rElec    .         Reflect  .   (no cloak)
rCorr    .         Harm     .   (no gloves)
MR       .....                  (no boots)
Stlth    ++........             (no amulet)
HPRegen  0.15/turn              j - ring of positive energy
MPRegen  0.11/turn              (no ring)

@: no status effects
A: unfitting armour, cold-blooded, AC +5
a: Fungal Bloom, Renounce Religion


You were on level 3 of the Dungeon.
You worshipped Fedhas.
Fedhas was noncommittal.
You were not hungry.

You visited 1 branch of the dungeon, and saw 3 of its levels.

You collected 71 gold pieces.

Inventory:

Missiles
 a - 44 arrows
Jewellery
 j - a ring of positive energy (left hand)
Scrolls
 b - 2 scrolls of amnesia {unknown}
 d - 3 scrolls of remove curse {unknown}
 e - a scroll of identify
 f - 4 scrolls of teleportation {unknown}
 g - a scroll of enchant weapon {unknown}
 h - a scroll of magic mapping {unknown}
 i - a scroll of blinking {unknown}
Potions
 k - a potion of ambrosia
 l - a potion of degeneration
 m - a potion of might
 n - a potion of agility {unknown}
 o - a potion of resistance {unknown}
 p - a potion of lignification {unknown}
 q - a potion of haste {unknown}
 r - a potion of cancellation {unknown}
Comestibles
 c - 5 rations


   Skills:
 + Level 3.5 Fighting
 - Level 1.7 Dodging
 + Level 2.9 Stealth
 + Level 4.4 Unarmed Combat
 - Level 2.0 Spellcasting
 - Level 2.0 Transmutations


You had 5 spell levels left.
You knew the following spells:

 Your Spells              Type           Power        Failure   Level  Hunger
a - Beastly Appendage     Tmut           #.....       11%         1    ##.....
b - Sticks to Snakes      Tmut           #.......     16%         2    ###....

Your spell library contained the following spells:

 Spells                   Type           Power        Failure   Level  Hunger
 Spider Form              Tmut/Pois      #.........   43%         3    ####...
 Ice Form                 Ice/Tmut       #.......     83%         4    #####..
 Blade Hands              Tmut           #.........   96%         5    ######.


Dungeon Overview and Level Annotations

Branches:
Dungeon (3/15)

Altars:
Ashenzari
Fedhas
Makhleb
Qazlal
Trog
Wu Jian


Innate Abilities, Weirdness & Mutations

Your plain brown scales are hard. (AC +5)
You cannot fit into any form of body armour.
You are cold-blooded and may be slowed by cold attacks.


Message History

You closely miss the orc priest.
The orc priest is lightly wounded.
The orc priest invokes the aid of Beogh against you.
Beogh smites you!
The orc priest calls upon Beogh to heal the orc priest.
The orc priest's wounds heal themselves!
The orc priest closely misses you.
Unknown command.
The orc priest looks encouraged for a moment.
The orc priest hits you but does no damage.
The orc priest looks satisfied for a moment.
The orc priest casts a cantrip, but nothing happens.
The orc priest invokes the aid of Beogh against you.
Beogh smites you!
* * * LOW HITPOINT WARNING * * *
Your horns disappear.
The orc priest calls down the wrath of Beogh upon you.
Beogh smites you!
You die...
Fedhas appreciates your contribution to the ecosystem.

##..# ##.# ..# #(###
..# #...## #># ###..#
#.# ##.# #.# #.## #.#
#..# #.### ##.## #@..#
#######..#######...##
..................o.#
########.##...##...o###
## ###.#..####....oo#
.#####.....## #.####.#
.......##.### #.# #.##
..#######...####.# #..#
..## ###....#.# ##.#


You could see 3 orc priests and an orc wizard.

Vanquished Creatures
  An ogre (D:3)
  8 adders
  A gnoll (D:1)
  3 oozes
  A worm (D:2)
  A dart slug (D:3)
  A leopard gecko (D:1)
  An orc (D:3)
  A ball python (D:3)
  3 bats
  2 giant cockroaches
  6 goblins
  3 hobgoblins
  9 kobolds
  A frilled lizard (D:2)
  7 rats
49 creatures vanquished.

Vanquished Creatures (collateral kills)
  A goblin (D:3)
1 creature vanquished.

Vanquished Creatures (others)
  8 toadstools
8 creatures vanquished.

Grand Total: 58 creatures vanquished

Notes
Turn   | Place    | Note
-------+----------+-------------------------------------------
     0 | D:1      | gbos the Draconian Transmuter began the quest for the Orb.
     0 | D:1      | Reached XP level 1. HP: 16/16 MP: 3/3
   583 | D:1      | Reached XP level 2. HP: 17/23 MP: 3/5
   641 | D:1      | Reached skill level 1 in Stealth
   814 | D:1      | You fall through a shaft!
   848 | D:2      | Gained mutation: You are frail. (-10% HP) [potion of
                  | mutation]
   848 | D:2      | Gained mutation: You are very frail. (-20% HP) [potion of
                  | mutation]
   848 | D:2      | Lost mutation: You are very frail. (-20% HP) [potion of
                  | mutation]
   848 | D:2      | Lost mutation: You are frail. (-10% HP) [potion of
                  | mutation]
   871 | D:2      | Reached XP level 3. HP: 4/29 MP: 4/6
   884 | D:2      | HP: 1/29 [poisoned by an adder]
  1700 | D:2      | Found a blossoming altar of Fedhas.
  1708 | D:2      | Became a worshipper of Fedhas Madash
  1897 | D:2      | Reached XP level 4. HP: 22/37 MP: 7/7
  2471 | D:3      | Found a shattered altar of Ashenzari.
  2471 | D:3      | Found a stormy altar of Qazlal.
  2486 | D:3      | Reached skill level 4 in Unarmed Combat
  2503 | D:3      | Found a bloodstained altar of Trog.
  2632 | D:3      | Found a burning altar of Makhleb.
  2702 | D:3      | Found an ornate altar of the Wu Jian Council.
  2725 | D:3      | Noticed an ogre
  2831 | D:2      | Reached XP level 5. HP: 43/45 MP: 8/8
  2918 | D:2      | Learned a level 2 spell: Sticks to Snakes
  2945 | D:3      | Killed an ogre
  3241 | D:3      | Killed from afar by an orc priest

Skill      XL: |  1  2  3  4 |
---------------+-------------+-----
Stealth        | 1 2 |  2.9
Fighting       | 2 3 |  3.5
Unarmed Combat | 4 |  4.4
Dodging        | |  1.7
Spellcasting   | |  2.0
Transmutations | |  2.0

Action                   |  1- 3 |  4- 6 || total
-------------------------+-------+-------++-------
Melee: Unarmed           |   103 |   100 ||   203
       Tailslap          |     4 |     7 ||    11
       Kick              |     6 |     7 ||    13
       Headbutt          |     2 |     2 ||     4
       Punch             |     1 |       ||     1
 Cast: Beastly Appendage |    21 |    21 ||    42
       Sticks to Snakes  |       |     3 ||     3
Invok: Fungal Bloom      |       |     3 ||     3
  Use: Potion            |     2 |     1 ||     3
       Scroll            |     1 |     3 ||     4
 Stab: Sleeping          |     3 |     3 ||     6
  Eat: Chunk             |     3 |     4 ||     7
       Ration            |       |     1 ||     1
Armor: Skin              |    18 |    24 ||    42
Dodge: Dodged            |    53 |    53 ||   106
